Map: Shrines of Lizul

Players

Retsech

  • Race: Terran Terran

Gracz

  • Race: Zerg Zerg
  • League: Bronze

A.I. 2 (Medium)

  • Race: Terran Terran

A.I. 3 (Medium)

  • Race: Zerg Zerg

VOD

Have the link to the VOD?

Description

Time

  • Played on: Aug. 29, 2016, 9:55 a.m.
  • Length: 26:46
Show
View Real Time Build Order
Export as new Build Order

Retsech Terran 

Build Orders:  

Get SALT Encoding   

  12  0:08  SCV  
  13  1:34  Supply Depot  
  13  1:48  Refinery  
  13  1:50  Refinery, SCV  
  14  2:02  SCV  
  16  2:22  SCV  
  16  2:34  SCV  
  17  2:46  Supply Depot  
  17  2:55  Barracks  
  17  3:01  Barracks  
  17  3:05  Engineering Bay, SCV  
  18  3:17  SCV  
  19  3:34  Terran Infantry Weapons Level 1  
  19  3:46  Planetary Fortress  
  19  4:00  Barracks Tech Lab  
  19  4:01  Barracks Tech Lab  
  19  4:25  Marine  
  19  4:26  Marauder  
  22  4:33  Combat Shields  
  22  4:34  Concussive Shells  
  22  4:43  Marine  
  23  4:48  Bunker, Marauder  
  25  4:54  Bunker  
  25  5:01  Marine  
  26  5:08  Marine  
  26  5:13  Supply Depot  
  27  5:19  Marauder  
  27  5:20  Supply Depot  
  29  5:26  Marine  
  30  5:28  Terran Infantry Armor Level 1  
  30  5:34  Supply Depot  
  30  5:48  Supply Depot  
  30  5:51  SCV  
  31  6:03  SCV  
  32  6:25  Supply Depot  
  32  6:46  Marine  
  35  6:47  Marauder  
  32  7:04  Marine  
  34  7:08  Marauder  
  34  7:17  Bunker  
  34  7:22  Marine, Neosteel Frame  
  35  7:24  Bunker  
  37  7:30  Marauder  
  37  7:40  Marine  
  38  7:50  Bunker, Marine  
  39  7:58  Marauder  
  41  8:19  Marine  
  42  8:30  Missile Turret  
  42  8:35  Sensor Tower  
  42  8:37  Marauder  
  44  8:46  Bunker  
  44  8:50  Missile Turret  
  44  9:02  Building Armor  
  44  9:20  Marine  
  44  9:21  Marauder  
  47  9:38  Marine  
  47  9:42  Marauder  
  50  9:51  Ghost Academy  
  50  9:56  Marine  
  51  10:04  Marauder  
  53  10:14  Marine  
  54  10:42  Hi-Sec Auto Tracking  
  54  10:45  Stimpack  
  54  11:27  Command Center  
  54  13:57  Planetary Fortress  
  54  14:12  Command Center  
  54  14:17  Bunker  
  54  15:27  Planetary Fortress  
  38  17:14  Command Center  
  38  17:17  Refinery  
  38  17:18  Refinery  
  38  17:23  Supply Depot  
  38  17:25  Supply Depot  
  38  17:28  Supply Depot  
  38  17:31  Engineering Bay  
  38  17:56  Barracks  
  38  17:58  Barracks  
  38  18:06  Supply Depot  
  38  18:28  Orbital Command  
  38  19:07  Barracks Tech Lab  
  38  19:08  Barracks Tech Lab  
  38  19:11  SCV  
  39  19:23  SCV  
  40  19:34  Ghost Academy  
  40  19:35  SCV  
  41  19:48  SCV  
  42  20:00  SCV  
  42  20:04  Personal Cloaking  
  38  20:12  SCV  
  33  20:14  Ghost  
  33  20:15  Factory  
  33  20:16  Ghost  
  33  20:24  SCV  
  32  20:36  SCV  
  21  20:48  SCV  
  21  21:00  SCV  
  22  21:12  SCV  
  23  21:24  SCV  
  24  21:32  Nuke  
  24  22:21  SCV  
  25  22:33  SCV  
  26  22:40  Ghost Academy  
  26  22:42  Ghost Academy  
  26  23:10  Nuke  
  26  23:11  Nuke  
  22  24:32  Ghost  
Show
View Real Time Build Order
Export as new Build Order

Gracz Zerg 

Build Orders: Pool First 

Get SALT Encoding   

  12  0:08  Drone x2  
  14  0:32  Spawning Pool  
  14  0:33  Drone  
  14  0:38  Extractor  
  14  0:39  Drone  
  14  0:46  Overlord  
  14  1:24  Zergling x6  
  17  1:29  Queen  
  19  1:54  Zergling x4  
  21  2:05  Metabolic Boost  
  18  3:13  Drone x3  
  18  3:19  Roach Warren  
  20  3:28  Drone  
  21  3:40  Hatchery  
  20  4:04  Drone, Hatchery  
  20  4:08  Extractor  
  19  4:16  Overlord x2, Drone  
  20  4:38  Evolution Chamber  
  20  4:39  Drone x2  
  21  4:55  Drone  
  22  5:14  Lair  
  22  5:18  Zerg Ground Armor Level 1  
  19  6:28  Roach x9  
  35  7:19  Drone x4  
  35  7:20  Drone x5  
  44  7:40  Drone  
  44  7:41  Extractor  
  44  8:23  Drone x2  
  44  8:24  Drone  
  47  8:32  Spire  
  46  8:51  Queen  
  46  8:53  Queen  
  50  8:57  Overlord  
  50  9:10  Overlord x3  
  50  9:14  Queen  
  34  9:47  Mutalisk  
  34  9:48  Mutalisk x2  
  32  10:46  Mutalisk x3  
  32  10:48  Queen  
  40  10:56  Drone x3  
  43  10:57  Extractor  
  42  11:11  Drone x3  
  42  11:14  Extractor  
  42  11:16  Queen  
  42  11:17  Extractor  
  45  11:49  Zerg Flyer Weapons Level 1  
  45  11:52  Queen  
  45  11:54  Mutalisk x9  
  65  12:15  Queen  
  67  12:27  Queen  
  69  12:39  Drone x2  
  71  12:45  Nydus Network  
  70  13:28  Zergling x12  
  70  13:32  Zergling x12  
  82  13:37  Overlord x3  
  42  14:21  Mutalisk x3  
  48  15:01  Hatchery  
  48  15:05  Zergling x6  
  50  15:41  Extractor  
  49  15:52  Zergling x2  
  49  15:53  Zergling x4  
  52  15:58  Zerg Melee Weapons Level 1  
  52  15:59  Glial Reconstitution  
  52  16:15  Infestation Pit  
  51  16:45  Mutalisk x4  
  51  16:46  Mutalisk x2  
  63  16:59  Mutalisk x3  
  63  17:00  Mutalisk  
  71  17:01  Mutalisk x4  
  74  18:15  Mutalisk  
  74  18:18  Hive  
  76  18:51  Zergling x2  
  76  18:52  Zergling x10  
  76  18:55  Zergling x6  
  80  20:07  Zergling x2  
  80  20:08  Zergling x4  
  80  20:10  Zergling x2  
  80  20:11  Zergling x4  
  86  20:15  Zergling x6  
  86  20:16  Zergling x6  
  87  21:54  Queen  
  87  21:55  Zergling x2  
  87  21:56  Zergling x4  
  92  22:05  Nydus Canal  
  92  22:19  Nydus Canal  
  92  22:30  Queen  
  92  22:59  Zergling x6  
  95  23:06  Zergling x6  
  96  23:52  Zergling x2  
  96  23:53  Zergling x4  
  99  23:56  Zergling x2  
  99  23:57  Zergling x8  
  99  24:01  Zergling x2  
  48  24:29  Mutalisk  
  48  24:30  Mutalisk x2  
  50  24:41  Mutalisk  
  50  24:42  Mutalisk x5  
  62  24:57  Mutalisk  
  64  25:10  Hatchery  
  34  26:16  Nydus Canal  
Show
View Real Time Build Order
Export as new Build Order

A.I. 2 (Medium) Terran 

Build Orders:  

Get SALT Encoding   

  12  0:01  SCV  
  13  0:13  SCV  
  14  0:20  Supply Depot  
  14  0:25  SCV  
  15  0:42  SCV  
  16  0:44  Barracks  
  16  0:49  Refinery  
  16  0:54  SCV  
  17  1:06  SCV  
  18  1:17  Supply Depot  
  18  1:31  Marine  
  18  1:32  Orbital Command  
  19  1:36  Barracks  
  19  1:45  Refinery  
  19  1:51  Barracks Tech Lab  
  19  2:08  Marine  
  19  2:12  Supply Depot  
  20  2:26  Marine  
  21  2:34  Marine  
  22  2:46  Supply Depot  
  22  2:47  Marine  
  23  2:59  SCV  
  23  3:00  Marine  
  25  3:11  SCV  
  26  3:13  Marauder  
  26  3:17  Engineering Bay  
  28  3:23  SCV  
  28  3:26  Marine  
  30  3:35  SCV  
  30  3:39  Marauder  
  33  3:47  SCV  
  34  3:51  Supply Depot  
  34  3:59  SCV  
  34  4:00  Marauder  
  37  4:22  Marauder  
  39  4:25  SCV  
  39  4:43  Marauder  
  41  6:29  Barracks Tech Lab  
  41  6:30  Reaper  
  41  6:31  Factory  
  42  6:34  Factory  
  42  6:36  Missile Turret  
  42  6:38  Missile Turret  
  42  6:44  Command Center, Sensor Tower  
  42  6:47  Barracks, Marine  
  42  6:50  Supply Depot  
  39  6:57  Bunker  
  32  7:01  Marine  
  32  7:05  Marine  
  28  7:18  Starport, Factory Tech Lab x2  
  28  7:19  Marine  
  28  7:20  Armory  
  29  7:23  Marauder  
  31  7:36  Barracks Reactor  
  31  7:37  Marine  
  32  7:44  Reaper  
  33  7:55  Marauder  
  33  7:56  Starport Tech Lab  
  33  7:57  SCV  
  36  7:59  SCV  
  37  8:08  Refinery  
  37  8:09  SCV  
  37  8:11  Missile Turret  
  37  8:12  SCV  
  39  8:14  Raven  
  39  8:15  Missile Turret  
  39  8:16  Marine  
  39  8:17  Refinery  
  39  8:19  Marine  
  43  8:21  SCV  
  43  8:24  SCV  
  45  8:28  Marine  
  45  8:33  SCV  
  47  8:36  Bunker, Marine, SCV  
  49  8:45  Marine, SCV  
  49  8:48  SCV  
  52  8:55  Marauder  
  54  8:57  SCV, Raven  
  54  9:00  SCV  
  58  9:03  Marauder  
  58  9:09  SCV  
  61  9:12  SCV  
  62  9:21  SCV  
  63  9:24  SCV  
  64  9:33  SCV  
  64  9:36  SCV  
  66  9:45  SCV  
  66  9:48  SCV  
  68  9:58  SCV  
  69  10:57  Combat Shields, Medivac  
  69  10:58  Stimpack  
  69  10:59  Terran Infantry Weapons Level 1  
  69  11:00  Starport  
  71  11:04  Command Center, Ghost Academy  
  71  11:07  Supply Depot  
  71  11:11  Fusion Core  
  71  11:15  Engineering Bay  
  71  11:18  Armory  
  69  11:22  Siege Tank  
  72  11:27  Raven  
  72  11:32  Cyclone  
  78  11:33  Supply Depot  
  78  11:35  Medivac  
  80  11:41  Terran Infantry Armor Level 1  
  80  11:43  Ghost  
  82  11:54  Thor  
  82  11:57  Supply Depot  
  88  12:06  Starport Reactor  
  88  12:10  Viking  
  81  12:16  Concussive Shells, Marine  
  81  12:17  SCV  
  81  12:19  Refinery  
  81  12:20  SCV  
  75  12:23  SCV  
  75  12:24  Missile Turret  
  75  12:26  Missile Turret, Refinery  
  75  12:27  Marine  
  75  12:29  SCV  
  78  12:32  SCV  
  78  12:35  SCV  
  79  12:38  Marine  
  79  12:41  SCV  
  82  12:44  SCV  
  82  12:47  Bunker, SCV  
  82  12:48  Marine  
  84  12:53  SCV  
  85  12:59  Marine  
  86  13:10  Marine  
  86  13:21  Marauder  
  88  13:32  Marauder  
  90  13:43  Battlecruiser  
  96  14:16  Command Center  
  96  15:29  SCV  
  96  15:30  Siege Tank  
  96  15:31  Terran Infantry Armor Level 2, Terran Infantry Weapons Level 2  
  96  15:32  Terran Ship Weapons Level 1, Terran Vehicle Weapons Level 1  
  96  15:35  Hellion  
  102  15:40  Marine  
  103  15:45  Marine  
  104  15:50  Marine  
  104  15:55  Marine  
  104  15:58  Refinery  
  104  16:00  Marine  
  104  16:01  Supply Depot  
  104  16:03  Missile Turret  
  100  16:05  Marine  
  100  16:07  Missile Turret  
  100  16:08  Refinery  
  100  16:11  Hellion  
  92  16:15  Siege Tank  
  95  16:20  Marine  
  96  16:26  Marine  
  96  16:28  Bunker  
  96  16:31  Marine  
  98  16:36  Marine  
  99  16:41  Marine  
  99  16:46  Marine  
  95  16:51  Thor  
  101  16:57  Siege Tank  
  104  17:26  Terran Vehicle And Ship Armor Level 1  
  104  17:28  Terran Vehicle Weapons Level 2  
  104  17:29  Siege Tank  
  107  17:34  Siege Tank  
  110  17:40  SCV  
  110  17:49  Terran Infantry Weapons Level 3  
  110  17:50  Terran Infantry Armor Level 3  
  110  18:01  Siege Tank  
  107  18:07  Siege Tank  
  107  18:27  Command Center  
  107  18:33  Siege Tank  
  110  19:22  Terran Vehicle And Ship Armor Level 2  
  110  19:30  Marauder  
  112  19:33  Marauder  
  112  19:35  Marine  
  112  19:38  Marine  
  115  19:40  Supply Depot  
  116  19:50  Marine  
  117  19:53  Marine  
  117  19:54  Marauder  
  117  19:56  Marine  
  117  19:57  Missile Turret  
  112  20:00  Missile Turret  
  112  20:01  Refinery  
  105  20:08  Marine  
  105  20:11  Marine, Refinery  
  105  20:14  Marine  
  104  20:15  Marine  
  100  20:22  Bunker  
  100  20:27  Marauder  
  96  20:29  Marine  
  96  20:31  Marine  
  96  20:33  Marine  
  96  20:46  Marine  
  96  20:47  Marine  
  98  20:50  Marine x2  
  100  21:03  Raven  
  97  21:04  Marine  
  97  21:05  Marine  
  97  21:08  Marine x2  
  88  21:24  Marauder  
  90  21:27  Marauder  
  92  21:44  Ghost  
  92  21:45  Raven  
  96  21:47  Ghost  
  98  22:03  Command Center  
  98  22:28  Raven  
  100  22:52  Siege Tank  
  100  22:57  Siege Tank  
  106  23:24  Hellion  
  108  23:27  Refinery  
  108  23:29  Siege Tank  
  108  23:30  Missile Turret  
  111  23:44  SCV  
  111  23:45  Hellion  
  111  23:47  Missile Turret  
  113  23:50  Refinery  
  113  24:01  Thor  
  119  24:07  Siege Tank  
  119  24:08  Bunker  
  120  24:39  Siege Tank  
  120  24:44  Siege Tank  
  126  25:11  Siege Tank  
  129  25:16  Siege Tank  
Show
View Real Time Build Order
Export as new Build Order

A.I. 3 (Medium) Zerg 

Build Orders: Pool First 

Get SALT Encoding   

  12  0:01  Drone  
  13  0:13  Overlord  
  13  0:18  Drone  
  14  0:31  Drone  
  14  0:34  Drone  
  16  0:44  Spawning Pool  
  16  0:46  Drone  
  16  0:50  Drone  
  16  0:52  Extractor  
  16  0:56  Drone  
  17  1:06  Overlord  
  17  1:31  Zergling x2, Queen  
  20  1:35  Zergling x2  
  20  1:38  Roach Warren  
  20  1:39  Drone  
  21  1:46  Extractor  
  20  1:50  Baneling Nest  
  20  1:54  Drone  
  20  2:00  Drone  
  21  2:11  Drone  
  22  2:21  Zergling x2  
  23  2:32  Zergling x2  
  24  2:37  Zergling x2, Overlord  
  24  2:41  Zergling x2  
  26  2:44  Zergling x2  
  27  2:54  Zergling x2  
  28  2:58  Baneling x2  
  28  2:59  Baneling x2  
  28  3:05  Zergling x2  
  29  3:14  Evolution Chamber  
  29  3:16  Drone  
  29  3:24  Zergling x2, Drone  
  29  3:26  Overlord  
  31  3:28  Drone  
  32  3:38  Drone  
  33  3:49  Drone  
  33  3:52  Drone  
  33  3:55  Drone  
  36  4:22  Zergling x2  
  36  4:59  Roach, Drone, Overlord  
  39  5:00  Lair  
  39  5:10  Roach  
  41  5:18  Overlord, Drone  
  44  5:21  Roach  
  44  5:26  Spore Crawler  
  44  5:27  Drone  
  42  5:32  Roach  
  42  5:34  Spore Crawler  
  42  5:35  Drone  
  44  5:37  Hatchery  
  45  5:43  Roach  
  46  5:57  Overseer x2, Drone  
  46  6:01  Hydralisk Den  
  45  6:05  Spine Crawler  
  45  6:06  Drone  
  45  6:15  Spine Crawler  
  45  6:16  Drone  
  45  6:25  Queen  
  45  6:32  Hydralisk  
  49  6:34  Infestation Pit  
  49  6:35  Drone  
  49  6:42  Hydralisk  
  51  6:50  Spire, Drone  
  51  6:53  Hydralisk, Drone  
  52  6:56  Drone  
  52  6:59  Drone  
  48  7:04  Drone  
  48  7:05  Zergling x2  
  50  7:08  Drone  
  50  7:11  Drone  
  50  7:14  Drone  
  53  7:17  Drone  
  53  7:21  Drone  
  55  7:25  Hydralisk  
  55  7:26  Drone  
  55  7:29  Drone  
  59  7:32  Drone  
  59  7:34  Drone  
  61  7:40  Overlord  
  61  7:42  Drone  
  61  7:43  Spore Crawler  
  61  7:48  Spore Crawler  
  61  7:51  Drone  
  61  7:54  Drone  
  61  7:56  Drone  
  63  7:59  Drone  
  63  8:01  Queen  
  63  8:02  Drone  
  63  8:05  Drone  
  68  8:07  Overlord  
  68  8:12  Evolution Chamber  
  68  8:14  Drone  
  68  8:18  Spine Crawler  
  68  8:19  Drone  
  68  8:25  Spine Crawler  
  68  8:27  Drone  
  68  8:58  Infestor, Pneumatized Carapace  
  68  8:59  Overseer, Overlord  
  70  9:02  Zerg Melee Weapons Level 1  
  70  9:06  Roach  
  70  9:07  Zerg Ground Armor Level 1  
  72  9:13  Roach  
  73  9:17  Muscular Augments  
  73  9:20  Roach  
  73  9:21  Extractor, Overlord  
  70  9:27  Roach  
  68  9:32  Extractor  
  68  9:35  Roach  
  67  9:41  Hydralisk, Hatchery  
  68  9:49  Hydralisk, Drone  
  68  9:52  Drone  
  72  9:56  Zergling x2, Drone  
  72  10:01  Burrow  
  72  10:03  Infestor  
  74  10:11  Roach  
  76  10:18  Roach  
  76  10:25  Roach  
  76  10:32  Hydralisk  
  76  10:39  Hydralisk  
  78  10:46  Hydralisk  
  80  10:54  Roach, Queen, Drone  
  80  10:56  Drone  
  86  10:57  Zerg Missile Weapons Level 1  
  86  11:00  Drone  
  86  11:02  Roach, Drone  
  90  11:05  Drone  
  90  11:07  Overlord  
  90  11:08  Hydralisk, Drone  
  94  11:11  Drone  
  94  11:14  Drone  
  94  11:17  Extractor, Drone  
  96  11:20  Drone, Spore Crawler  
  96  11:23  Drone  
  96  11:24  Hive, Spore Crawler  
  96  11:26  Drone  
  96  11:29  Drone  
  96  11:31  Drone  
  99  11:49  Spine Crawler  
  99  11:50  Drone  
  99  11:52  Spine Crawler  
  99  11:53  Drone  
  99  12:12  Extractor  
  99  12:13  Drone  
  99  12:37  Greater Spire  
  99  12:41  Ultralisk Cavern  
  99  12:42  Drone  
  99  13:30  Overlord, Corruptor  
  99  13:31  Zerg Ground Armor Level 2, Zerg Melee Weapons Level 2  
  101  13:40  Corruptor  
  102  13:49  Zerg Flyer Weapons Level 1, Overlord  
  102  13:50  Zergling x2  
  93  14:02  Infestor  
  85  14:12  Brood Lord, Corruptor  
  89  14:21  Infestor  
  85  14:31  Brood Lord, Corruptor  
  85  14:46  Brood Lord, Corruptor  
  83  14:54  Overseer, Hatchery  
  84  15:07  Brood Lord  
  84  15:12  Corruptor  
  86  15:24  Corruptor  
  86  15:25  Brood Lord  
  90  15:43  Zerg Flyer Armor Level 1  
  90  15:46  Zerg Missile Weapons Level 2  
  90  15:47  Overseer  
  90  15:49  Zerg Melee Weapons Level 3  
  90  16:06  Spire  
  90  16:08  Queen, Drone  
  90  16:11  Drone  
  93  16:17  Extractor  
  93  16:18  Drone  
  93  16:22  Spore Crawler  
  93  16:23  Drone  
  93  16:28  Spore Crawler  
  93  16:29  Drone  
  93  16:40  Drone x2, Spore Crawler  
  93  16:41  Overseer  
  93  16:42  Drone, Overlord  
  93  16:44  Spore Crawler  
  93  16:45  Drone  
  93  16:47  Extractor  
  93  16:48  Drone  
  93  17:00  Extractor  
  92  17:02  Drone  
  92  17:06  Spore Crawler  
  92  17:09  Drone  
  92  17:12  Spore Crawler  
  92  17:14  Drone  
  93  17:17  Zerg Flyer Weapons Level 2  
  93  17:25  Spine Crawler  
  93  17:26  Drone  
  93  17:27  Spine Crawler  
  93  17:29  Drone  
  93  17:39  Zerg Flyer Armor Level 2  
  93  17:44  Zergling x2  
  89  17:52  Corruptor  
  71  18:02  Infestor  
  71  18:03  Zerg Ground Armor Level 3  
  69  18:06  Overseer, Overlord  
  69  18:11  Drone  
  69  18:13  Corruptor  
  71  18:22  Infestor  
  71  18:26  Zerg Missile Weapons Level 3  
  73  18:31  Corruptor  
  73  18:32  Brood Lord, Overlord  
  77  18:45  Overseer  
  77  18:50  Brood Lord, Overlord, Corruptor  
  81  19:01  Hatchery  
  80  19:03  Drone  
  78  19:10  Queen, Drone  
  78  19:12  Drone x3  
  78  19:13  Drone  
  78  19:16  Drone  
  73  19:19  Drone  
  73  19:22  Drone  
  73  19:23  Overseer  
  71  19:25  Drone x2  
  71  19:26  Drone  
  71  19:28  Drone  
  71  19:31  Drone  
  74  19:33  Drone  
  74  19:34  Drone  
  74  19:37  Drone  
  72  19:40  Drone, Corruptor  
  72  19:41  Drone  
  72  19:42  Drone  
  72  19:43  Drone  
  72  19:49  Corruptor  
  66  19:55  Overseer, Overlord  
  66  19:56  Drone  
  61  20:12  Infestor  
  63  20:14  Queen, Drone  
  63  20:15  Overlord  
  63  20:17  Drone  
  63  20:20  Drone  
  68  20:22  Zergling x2  
  68  20:23  Drone  
  68  20:26  Drone  
  71  20:29  Drone  
  71  20:31  Infestor  
  71  20:32  Drone  
  71  20:34  Extractor, Overlord  
  71  20:35  Drone, Spore Crawler  
  75  20:38  Drone, Spore Crawler  
  75  20:40  Extractor  
  75  20:41  Drone  
  74  20:44  Drone  
  74  20:47  Drone  
  75  20:58  Brood Lord, Corruptor  
  79  21:04  Spine Crawler  
  79  21:06  Drone  
  79  21:07  Spine Crawler  
  79  21:09  Drone  
  79  21:33  Zergling x2  
  79  21:39  Overseer, Overlord  
  75  21:42  Overseer, Corruptor  
  75  21:43  Overlord  
  73  21:57  Infestor  
  75  22:02  Overlord  
  75  22:07  Lair  
  75  22:18  Overseer  
  75  22:21  Overlord  
  75  22:22  Corruptor  
  73  22:25  Queen  
  71  22:30  Drone x3  
  71  22:32  Infestor  
  71  22:34  Drone  
  71  22:36  Overseer  
  67  22:38  Drone  
  67  22:39  Overlord  
  67  22:41  Corruptor  
  67  22:51  Zergling x2  
  68  22:57  Overlord  
  68  23:15  Overlord, Drone  
  68  23:18  Drone  
  70  23:21  Drone  
  70  23:24  Drone  
  72  23:27  Drone  
  72  23:30  Drone, Corruptor  
  72  23:33  Drone  
  75  23:35  Overlord  
  75  23:40  Infestor  
  73  23:43  Queen  
  69  23:49  Infestor  
  69  23:54  Drone, Overlord  
  70  23:56  Drone  
  70  23:58  Corruptor  
  70  23:59  Drone  
  74  24:08  Zergling x2  
  75  24:13  Overlord  
  75  24:46  Roach  
  75  24:48  Overlord  
  75  24:50  Hydralisk  
  79  24:54  Roach  
  79  24:57  Roach  
  83  25:01  Hydralisk  
  83  25:04  Hydralisk  
  87  25:07  Overlord  
  87  25:09  Roach  
  87  25:12  Roach  
  91  25:16  Roach  
  91  25:19  Hydralisk  
  95  25:23  Hydralisk  
  95  25:26  Overlord  
  95  25:27  Hydralisk  
  99  25:49  Hatchery  
Tags
 
Add a new tag
Caveats
  • Supply blocks, unpowered buildings, or Contaminate may cause inaccurate times.
  • Supply counts are checked every 10 seconds.